 Dungeon Crawl Stone Soup version 0.28.0-1-gb440e238dd (webtiles) character file.

Game seed: 15663621005068158903

27558 Kaptain the Geomancer (level 13, -8/81 (90) HPs)
             Began as an Octopode Earth Elementalist on Feb 22, 2022.
             Killed from afar by an orc sorcerer (31 damage)
             ... with a bolt of negative energy
             ... on level 2 of the Orcish Mines on Feb 23, 2022.
             The game lasted 01:13:52 (24449 turns).

Kaptain the Geomancer (OpEE)                       Turns: 24449, Time: 01:13:53

HP:   -8/81 (90)    AC:  1    Str: 23    XL:     13   Next: 33%
MP:   16/27         EV: 13    Int: 21    God:
Gold: 1126          SH: 10    Dex: 13    Spells: 26/32 levels left

rFire   + . .      SeeInvis .   A - +9 mace "Oguir" {freeze, +Blink rF+ Str+3}
rCold   + . .      Faith    .   y - +0 kite shield
rNeg    . . .      Spirit   .   (helmet restricted)
rPois   .          Reflect  .   T - amulet of regeneration
rElec   .          Harm     .   G - ring of protection from cold
rCorr   .          Rampage  .   E - ring of willpower
Will    ++...                   s - +6 ring of strength
Stlth   ++++......              O - ring of willpower
HPRegen 1.03/turn               P - +6 ring of strength
MPRegen 0.20/turn               (no ring)
                                (no ring)
                                (no ring)

@: heavily drained
A: almost no armour, amphibious, 8 rings, camouflage 1, gelatinous body 1,
(nimble swimmer 1), tentacles
a: Evoke Blink


You were on level 2 of the Orcish Mines.
You visited 4 branches of the dungeon, and saw 16 of its levels.
You also visited: Ossuary.

You collected 1203 gold pieces.
You spent 77 gold pieces at shops.

Inventory:

Hand Weapons
 f - a +6 scimitar of freezing
 q - a +1 short sword of venom
 r - a +0 trident
 t - a +0 hunting sling of venom
 A - the +9 mace "Oguir" (weapon) {freeze, +Blink rF+ Str+3}
   (You found it on level 5 of the Dungeon)

   It freezes those it strikes, dealing additional cold damage.
   It can also slow down cold-blooded creatures.
   Str:       It affects your strength (+3).
   rF:        It protects you from fire.
   +Blink:    It lets you blink.
 Q - the +0 flail "Qehaz" {vorpal, *Noise Will++ Stlth+}
   (You found it on level 3 of the Lair of Beasts)

   It inflicts extra damage upon your enemies.
   *Noise:    It may make noises in combat.
   Will:      It greatly increases your willpower.
   Stlth:     It makes you more stealthy.
Missiles
 b - 231 stones
 j - a throwing net
 u - 20 boomerangs (quivered)
 w - 119 sling bullets
 D - 11 poisoned darts
 K - 9 javelins
 L - 4 atropa-tipped darts
 X - a boomerang of dispersal
Armour
 y - a +0 kite shield (worn)
 N - a +0 buckler
Magical Staves
 e - a staff of fire
 l - a staff of cold
 U - a staff of conjuration
Jewellery
 m - an amulet of the acrobat
 s - a +6 ring of strength (on tentacle)
 E - a ring of willpower (right tentacle)
 G - a ring of protection from cold (left tentacle)
 O - a ring of willpower (on tentacle)
 P - a +6 ring of strength (on tentacle)
 T - an amulet of regeneration (around mantle)
Wands
 c - a wand of digging (10)
 d - a wand of iceblast (11)
 C - a wand of acid (15)
 R - a wand of flame (13)
Scrolls
 k - 9 scrolls of teleportation
 o - 2 scrolls of fog
 z - 2 scrolls of enchant weapon
 F - a scroll of enchant armour
 H - a scroll of amnesia
 M - 4 scrolls of magic mapping
Potions
 a - 2 potions of degeneration {unknown}
 g - 6 potions of haste
 h - a potion of berserk rage {unknown}
 i - 2 potions of heal wounds
 n - a potion of brilliance {unknown}
 p - a potion of flight {unknown}
 x - 3 potions of cancellation
 B - a potion of ambrosia {unknown}
 I - a potion of invisibility {unknown}
 J - 2 potions of lignification
 S - a potion of might {unknown}
 V - a potion of curing
Miscellaneous
 v - a condenser vane
 W - a lightning rod (4/4)


   Skills:
 * Level 9.2 Fighting
 + Level 4.4 Dodging
 + Level 5.7 Stealth
 + Level 6.6 Shields
 * Level 10.1 Spellcasting
 * Level 10.5 Conjurations
 + Level 2.5 Transmutations
 * Level 11.2 Earth Magic


You had 26 spell levels left.
You knew the following spells:

 Your Spells              Type           Power      Damage    Failure   Level
a - Sandblast             Erth           100%       2d20      1%          1
b - Stone Arrow           Conj/Erth      100%       3d13      1%          3
c - Blink                 Tloc           20%        N/A       26%         2

Your spell library contained the following spells:

 Spells                   Type           Power      Damage    Failure   Level
 Passwall                 Tmut/Erth      32%        N/A       1%          2
 Petrify                  Tmut/Erth      39%        N/A       10%         4
 Animate Skeleton         Necr           20%        N/A       17%         1
 Pain                     Necr           40%        1d6       17%         1
 Gell's Gravitas          Tloc           10%        N/A       45%         3
 Lesser Beckoning         Tloc           10%        N/A       45%         3
 Teleport Other           Tloc           10%        N/A       45%         3
 Vampiric Draining        Necr           10%        2d6       45%         3
 Manifold Assault         Tloc           10%        N/A       99%         5
 Summon Forest            Summ/Tloc      5%         N/A       99%         5
 Dispersal                Tloc           5%         N/A       100%        6
 Eringya's Noxious Bog    Tmut/Pois      8%         N/A       100%        6
 Summon Hydra             Summ           5%         N/A       100%        7


Dungeon Overview and Level Annotations

Branches:
Dungeon (9/15)             Temple (1/1) D:7            Lair (4/6) D:9
  Swamp (0/4) Lair:4        Snake (0/4) Lair:2          Orc (2/2) D:9
    Elf (0/3) Orc:2       Ossuary (visited)

Altars:
Ashenzari
Cheibriados
Dithmenos
Elyvilon
Fedhas
Gozag
Hepliaklqana
Kikubaaqudgha
Makhleb
Nemelex Xobeh
Okawaru
Qazlal
Ru
Sif Muna
Trog
Uskayaw
Vehumet
Wu Jian
Xom
Yredelemnul
Zin
Beogh

Shops:
D:9 *   Orc:1 [


Innate Abilities, Weirdness & Mutations

You cannot wear most types of armour.
You are amphibious.
You can wear up to eight rings at the same time.
Your skin changes colour to match your surroundings (Stealth+).
Your rubbery body absorbs attacks. (AC +1, EV +1)
((You are camouflaged when in or above water. (Stealth+)))
You have tentacles for arms and can constrict up to eight enemies at once.


Message History

The orc sorcerer points at you and mumbles some strange words.
The bolt of negative energy hits you!!
You feel drained.
Casting: Stone Arrow (safe; 1% risk of failure)
Confirm with . or Enter, or press ? or * to list all spells.
Aiming: Stone Arrow (safe; 1% risk of failure)
Press: ? - help, Shift-Dir - straight line, f - orc knight
Aim: an orc knight, wielding a +0 halberd and wearing a +0 chain mail (75% to hit)
Okay, then.
Unknown command.
Casting: Stone Arrow (safe; 1% risk of failure)
Confirm with . or Enter, or press ? or * to list all spells.
Aiming: Stone Arrow (safe; 1% risk of failure)
Press: ? - help, Shift-Dir - straight line, f - orc knight
Aim: an orc knight, wielding a +0 halberd and wearing a +0 chain mail (75% to hit)
The stone arrow hits the orc knight!
The orc knight is moderately wounded.
Unknown command.
Casting: Stone Arrow (safe; 1% risk of failure)
Confirm with . or Enter, or press ? or * to list all spells.
Aiming: Stone Arrow (safe; 1% risk of failure)
Press: ? - help, Shift-Dir - straight line, f - orc sorcerer, p - orc knight
Aim: an orc sorcerer, wielding a +0 dagger of venom and wearing a +1 robe of resistance (strong, 72% to hit)
The stone arrow hits the orc knight!
The orc knight is heavily wounded.
You block the orc knight's attack.
Casting: Stone Arrow (safe; 1% risk of failure)
Confirm with . or Enter, or press ? or * to list all spells.
Aiming: Stone Arrow (safe; 1% risk of failure)
Press: ? - help, Shift-Dir - straight line, f/p - orc sorcerer
Aim: an orc sorcerer, wielding a +0 dagger of venom and wearing a +1 robe of resistance (strong, 72% to hit)
The stone arrow hits the orc knight!!
The orc knight is almost dead.
An orc warrior comes into view. It is wielding a +0 flail.
The orc knight hits you from afar with a +0 halberd!!
Unknown command.
The orc knight hits you from afar with a +0 halberd!
* * * LOW HITPOINT WARNING * * *
The orc sorcerer gestures at you while chanting.
The bolt of negative energy hits you!!
You feel drained.
You die...

#...#....#.....##
#..............##
#...............#
##..............##
#.#.....[..).....#
#.#.............##
#.......[........#
#................#
#...........@...##
#.........o).....#
#........oo.)....#
#................#
.
#.#......).......#
.
##...............#
#
#.....o.........#
##...............#
#....#...........#


You could see an orc knight, an orc sorcerer (strong) and 2 orc warriors.

Vanquished Creatures
  A hydra (Lair:3)
  Fannar (Lair:3)
  2 orc high priests (Orc:2)
  Urug (Lair:3)
  An ugly thing (D:6)
  An orc sorcerer (Orc:2)
  9 black mambas
  An ice statue (Lair:2)
  6 cane toads
  A rime drake (Lair:3)
  4 komodo dragons
  A freezing wraith (Lair:2)
  3 trolls
  4 polar bears
  19 blink frogs
  Grinder (D:4)
  Sigmund (D:2)
  15 yaks
  6 basilisks
  3 steam dragons
  2 wyverns
  5 wargs
  14 water moccasins
  8 ice beasts
  2 hornet zombies
  4 black bears
  11 orc warriors
  8 ogres
  3 wolves (Lair:2)
  2 centaurs (D:8)
  Blork the orc (D:4)
  A kobold brigand (D:6)
  7 bullfrogs
  2 gnoll sergeants
  A wyvern zombie (D:5)
  2 scorpions
  3 killer bees
  7 wights
  A howler monkey (D:5)
  2 electric eels (Lair:1)
  A centaur zombie (D:7)
  A centaur skeleton (D:4)
  11 orc priests
  4 hounds
  2 jellies
  3 bullfrog skeletons (D:6)
  3 iguanas
  19 orc wizards
  2 mummies
  2 howler monkey zombies
  Robin (D:3)
  13 gnolls
  4 adders
  2 shadow imps
  5 white imps
  An adder skeleton (D:4)
  2 worms
  3 dart slugs
  44 orcs
  2 spectral bats (Ossuary)
  6 endoplasms
  2 giant cockroaches (D:1)
  19 goblins
  7 hobgoblins
  2 jackals (D:1)
  10 kobolds
  4 quokkas
  8 ball pythons
  8 bats
  5 frilled lizards
  12 gnoll zombies (Ossuary)
  5 goblin simulacra (Ossuary)
  4 goblin zombies (Ossuary)
  7 hobgoblin zombies
  3 kobold simulacra (Ossuary)
  6 kobold zombies
  3 orc zombies (Ossuary)
  A quokka zombie (D:4)
  6 rats
  3 rat simulacra (Ossuary)
  4 spectral goblins (Ossuary)
  4 spectral kobolds
  A spectral rat (Ossuary)
422 creatures vanquished.

Vanquished Creatures (others)
  An orc wizard (Orc:1)
  17 fungi
  19 plants
37 creatures vanquished.

Grand Total: 459 creatures vanquished

Notes
Turn   | Place    | Note
-------+----------+-------------------------------------------
     0 | D:1      | Kaptain the Octopode Earth Elementalist began the quest for
                  | the Orb.
     0 | D:1      | Reached XP level 1. HP: 11/11 MP: 3/3
   182 | D:1      | Reached XP level 2. HP: 17/17 MP: 5/5
   561 | D:1      | Reached XP level 3. HP: 22/22 MP: 2/6
   565 | D:1      | Learned a level 3 spell: Stone Arrow
  1384 | D:2      | Found a faded altar of an unknown god.
  1614 | D:2      | You fall into a shaft and drop 1 floor!
  1716 | D:3      | Reached skill level 1 in Fighting
  1873 | D:3      | Noticed an ogre
  2079 | D:2      | Reached XP level 4. HP: 28/28 MP: 3/7
  2176 | D:2      | Noticed Sigmund
  2180 | D:2      | Killed Sigmund
  2181 | D:2      | Reached skill level 1 in Conjurations
  2181 | D:2      | Reached skill level 4 in Earth Magic
  2181 | D:2      | Reached XP level 5. HP: 29/34 MP: 3/9
  2464 | D:3      | Reached XP level 6. HP: 39/39 MP: 8/10
  2737 | D:3      | Noticed Robin
  2776 | D:3      | Killed Robin
  3810 | D:4      | Reached XP level 7. HP: 45/45 MP: 5/12
  4170 | D:4      | Noticed Blork the orc
  4172 | D:4      | Noticed Grinder
  4179 | D:4      | Killed Blork the orc
  4188 | D:4      | Killed Grinder
  4189 | D:4      | Reached skill level 5 in Earth Magic
  4596 | D:4      | Reached XP level 8. HP: 51/51 MP: 8/14
  5012 | D:5      | Entered Level 5 of the Dungeon
  5038 | D:5      | Reached skill level 5 in Stealth
  6491 | D:5      | Found an opulent altar of Gozag.
  6541 | D:5      | Identified the +9 mace "Oguir" {freeze, +Blink rF+ Str+3}
  7053 | D:6      | Reached skill level 5 in Spellcasting
  7053 | D:6      | Reached skill level 6 in Earth Magic
  7056 | D:6      | Reached skill level 1 in Shields
  7310 | D:6      | Identified the +10 scale mail of Defence {MP+9 Str+4}
  7391 | D:6      | Reached XP level 9. HP: 36/57 MP: 6/16
  7538 | D:6      | Found a snail-covered altar of Cheibriados.
  7560 | D:6      | Noticed a cyan ugly thing
  7664 | D:6      | Reached skill level 5 in Conjurations
  8402 | D:6      | Killed a cyan ugly thing
  8403 | D:6      | Reached skill level 7 in Earth Magic
  8692 | D:7      | Found a shimmering altar of Xom.
  8843 | D:7      | Found a staircase to the Ecumenical Temple.
  9074 | Temple   | Entered the Ecumenical Temple
  9245 | D:7      | Reached XP level 10. HP: 65/65 MP: 12/19
  9470 | D:7      | Found a sacrificial altar of Ru.
  9753 | D:8      | Found a sand-covered staircase.
  9759 | Ossuary  | Entered an ossuary
 10153 | D:8      | Learned a level 2 spell: Blink
 10586 | D:8      | Found a hazy altar of Hepliaklqana.
 11341 | D:9      | Reached skill level 8 in Earth Magic
 11654 | D:9      | Reached skill level 5 in Fighting
 11903 | D:9      | Found a staircase to the Orcish Mines.
 12382 | D:9      | Found Jichi Qoti's General Store.
 12404 | D:9      | Bought 2 scrolls of magic mapping for 77 gold pieces
 12513 | D:9      | Found a staircase to the Lair.
 13337 | Lair:1   | Entered Level 1 of the Lair of Beasts
 13751 | Lair:1   | Noticed a cane toad
 13762 | Lair:1   | Killed a cane toad
 13763 | Lair:1   | Reached XP level 11. HP: 72/72 MP: 3/22
 14106 | Lair:1   | Reached skill level 9 in Earth Magic
 14394 | Lair:1   | Found a hide-covered altar of Uskayaw.
 14394 | Lair:1   | Noticed a boulder beetle
 14395 | Lair:1   | Found an ornate altar of the Wu Jian Council.
 14487 | Lair:1   | Identified the +1 ring mail of Sandy Surprise {rC++ Will+}
 14934 | Lair:2   | Found a staircase to the Snake Pit.
 15297 | Lair:2   | Reached skill level 5 in Shields
 16625 | Lair:2   | Reached XP level 12. HP: 66/81 MP: 6/24
 16816 | Lair:2   | Reached skill level 10 in Earth Magic
 18788 | Lair:3   | Identified the +0 flail "Qehaz" {vorpal, *Noise Will++
                  | Stlth+}
 19720 | Lair:3   | Noticed Fannar
 19726 | Lair:3   | Killed Fannar
 19895 | Lair:3   | Noticed an eight-headed hydra
 19903 | Lair:3   | Killed an eight-headed hydra
 20131 | Lair:3   | Reached skill level 10 in Conjurations
 20218 | Lair:3   | Noticed Urug
 20229 | Lair:3   | Killed Urug
 21287 | Lair:4   | Found a staircase to the Swamp.
 21391 | Lair:3   | Reached XP level 13. HP: 64/89 MP: 16/26
 21522 | Lair:4   | Reached skill level 11 in Earth Magic
 21915 | Orc:1    | Entered Level 1 of the Orcish Mines
 22123 | D:9      | Reached skill level 10 in Spellcasting
 22344 | Orc:1    | Found Zeytuadgh's Armour Shop.
 23039 | Orc:2    | Entered Level 2 of the Orcish Mines
 23605 | Orc:2    | Found a staircase to the Elven Halls.
 24449 | Orc:2    | Killed from afar by an orc sorcerer

Illustrated notes

Levels and vault maps discovered:
D:1:      minmay_arrival_four_loops, layout_basic,
          chequers_serial_rivers_large_b
D:2:      layout_loops_ring, basic_ecumenical_altar, uniq_sigmund
D:3:      layout_basic, uniq_robin
D:4:      layout_cave_pods, minmay_bent, uniq_blork_the_orc, uniq_grinder
D:5:      layout_basic, nicolae_gozag_seed_capital
D:6:      layout_cave_pods, mainiacjoe_overflow_cross_hatched,
          nrook_mini_vaults, minmay_fractal_squares_5
D:7:      layout_rooms, xom_teletrap_fun, lemuel_crystal_altar,
          minmay_temple_entry_ruins
D:8:      layout_loops_ring, nicolae_hepliaklqana_monster_ancestors,
          nicolae_ossuary_entry_giza
D:9:      layout_layer_cave, erik_lair_orcish_takeover,
          minmay_orc_entry_temple_small, serial_shops, shop_statue
Temple:   nicolae_temple_elliptical
Lair:1:   layout_small_grid, nzn_masters_of_martial_movement,
          serial_bayou_shore_a
Lair:2:   layout_cave_pods, minmay_snake_entry_six_corridors, ice2_lemuel
Lair:3:   layout_layer_cave, uniq_fannar, uniq_urug
Lair:4:   layout_gridlike, swamp_mist, basic_altar, cheibrodos_lair_lostbears,
          infiniplex_staircase_pool, lemuel_fruit_tree
Orc:1:    layout_diamond_mine, serial_shops, nicolae_shop_waterfront,
          mines_bat_river
Orc:2:    st_orc_elflike, layout_caves

Skill      XL: |  1  2  3  4  5  6  7  8  9 10 11 12 13 |
---------------+----------------------------------------+-----
Stealth        | 3 4 5 |  5.7
Fighting       | 1 2 3 4 5 7 8 9 |  9.2
Spellcasting   | 3 4 5 6 7 8 9 10 | 10.1
Conjurations   | 1 2 3 4 6 7 9 10 | 10.5
Earth Magic    | 4 5 6 7 8 9 10 11 | 11.2
Dodging        | 3 4 |  4.4
Shields        | 1 2 4 5 6 |  6.6
Transmutations | 2 |  2.5

Action                   |  1- 3 |  4- 6 |  7- 9 | 10-12 | 13-15 || total
-------------------------+-------+-------+-------+-------+-------++-------
Melee: Mace              |    11 |       |     6 |    66 |     1 ||    84
       Constrict         |     8 |     7 |     3 |    16 |       ||    34
       Tentacles         |     5 |     5 |     1 |    15 |     1 ||    27
       Staff             |    17 |    19 |       |       |       ||    36
       Punch             |     1 |       |       |       |       ||     1
       Dagger            |       |       |     5 |       |       ||     5
 Fire: Hunting sling     |       |       |    12 |       |       ||    12
Throw: Boomerang         |       |       |       |       |     5 ||     5
 Cast: Sandblast         |    42 |    30 |    71 |   104 |     8 ||   255
       Stone Arrow       |       |     6 |    89 |   299 |   115 ||   509
       Blink             |       |       |       |     1 |       ||     1
Evoke: Wand              |       |       |     4 |     2 |       ||     6
  Use: Scroll            |     3 |     3 |     3 |     9 |     1 ||    19
       Potion            |       |       |     1 |     6 |     2 ||     9
 Stab: Sleeping          |     7 |       |       |    13 |       ||    20
Armor: Skin              |     3 |       |       |    10 |     1 ||    14
Dodge: Dodged            |    28 |    10 |    49 |   100 |    46 ||   233
Block: Kite shield       |       |       |       |    92 |    49 ||   141
